 Dungeon Crawl Stone Soup version 0.32-a0-473-gd044c6f0f0 (webtiles) character file.

Game seed: 2713752093869163185

23958 BubbleThief the Warrior (level 13, -7/119 HPs)
             Began as a Barachi Ice Elementalist on Feb 25, 2024.
             Was the Champion of Okawaru.
             Mangled by a komodo dragon (14 damage)
             ... on level 4 of the Lair of Beasts.
             The game lasted 00:28:24 (13846 turns).

BubbleThief the Warrior (Barachi Ice Elementalist) Turns: 13846, Time: 00:28:24

Health: -7/119     AC: 14    Str: 13    XL:     13   Next: 10%
Magic:  13/20      EV: 15    Int: 20    God:    Okawaru [******]
Gold:   774        SH:  0    Dex: 15    Spells: 12/22 levels left

rFire   + . .        H - +5 triple sword (holy)
rCold   + + .        (shield currently unavailable)
rNeg    . . .        a - +0 robe
rPois   .            B - +0 helmet
rElec   .            I - scarf "Siang" {rC+ rF+, Str+3 Int+2}
rCorr   .            y - +0 pair of gloves
SInv    .            p - +0 pair of boots
Will    .....        (no amulet)
Stlth   ++           o - ring of ice
HPRegen 0.39/turn    v - ring of protection from fire
MPRegen 0.17/turn

%: no passive effects
@: ice-armoured, on berserk cooldown, freezing walls, slowed, very slow
A: amphibious, slowness 1, strong legs 2, +LOS
a: Hop, Renounce Religion, Heroism, Finesse, Duel


You were on level 4 of the Lair of Beasts.
You worshipped Okawaru.
Okawaru was exalted by your worship.
You visited 3 branches of the dungeon, and saw 13 of its levels.

You collected 840 gold pieces.
You spent 66 gold pieces at shops.

Inventory:

Hand Weapons
 r - a +0 falchion of holy wrath
 F - a +4 scimitar
 H - a +5 triple sword of holy wrath (weapon)
Missiles
 w - 3 throwing nets
Armour
 a - a +0 robe (worn)
 p - a +0 pair of boots (worn)
 y - a +0 pair of gloves (worn)
 B - a +0 helmet (worn)
 I - the scarf "Siang" (worn) {rC+ rF+, Str+3 Int+2}
   (Okawaru gifted it to you on level 3 of the Lair of Beasts)

   Str+3:     It affects your strength (+3).
   Int+2:     It affects your intelligence (+2).
Jewellery
 o - a ring of ice (left hand)
 q - a ring of see invisible
 v - a ring of protection from fire (right hand)
 x - a ring of willpower
 G - a ring of ice
Wands
 u - a wand of flame (26)
 A - a wand of roots (19)
 D - a wand of mindburst (11)
Scrolls
 e - 3 scrolls of enchant weapon
 f - a scroll of vulnerability
 j - a scroll of enchant armour
 k - 2 scrolls of amnesia
 m - 10 scrolls of teleportation
 t - a scroll of identify
Potions
 b - a potion of magic
 c - 2 potions of haste
 d - 2 potions of enlightenment
 g - 2 potions of mutation
 h - 4 potions of lignification
 i - 3 potions of heal wounds
 l - a potion of might
 n - 3 potions of curing
 s - 11 potions of ambrosia
 z - a potion of brilliance
 C - a potion of invisibility {unknown}


   Skills:
 + Level 16.5 Fighting
 + Level 15.6 Long Blades
 - Level 6.1 Dodging
 - Level 1.7 Stealth
 - Level 5.0 Spellcasting
 - Level 9.1 Ice Magic
 - Level 3.0 Evocations


You had 12 spell levels left.
You knew the following spells:

 Your Spells              Type           Power      Damage    Failure   Level
a - Freeze                Ice            100%       1d10      1%          1
b - Frozen Ramparts       Ice            100%       1d16      1%          3
c - Ozocubu's Armour      Ice            58%        N/A       1%          3
d - Summon Ice Beast      Ice/Summ       34%        N/A       5%          3

Your spell library contained the following spells:

 Spells                   Type           Power      Damage    Failure   Level
 Ensorcelled Hibernation  Hex/Ice        68%        N/A       2%          2
 Blink                    Tloc           10%        N/A       17%         2
 Lesser Beckoning         Tloc           10%        N/A       17%         2
 Momentum Strike          Conj/Tloc      10%        3d8       17%         2
 Passwall                 Erth           5%         N/A       34%         3
 Swiftness                Air            5%         N/A       34%         3
 Ignite Poison            Fire/Alch      5%         N/A       75%         4
 Sticky Flame             Fire/Alch      5%         2d4       75%         4
 Ignition                 Fire           2%         3d3       100%        8


Dungeon Overview and Level Annotations

Branches:
Dungeon (8/15)             Temple (1/1) D:6            Lair (4/5) D:8
  Swamp (0/4) Lair:2       Spider (0/4) Lair:3
  Slime: Lair:4-5

Altars:
Ashenzari
Cheibriados
Dithmenos
Elyvilon
Fedhas
Gozag
Hepliaklqana
Kikubaaqudgha
Makhleb
Nemelex Xobeh
Okawaru
Qazlal
Ru
Sif Muna
Trog
Uskayaw
Vehumet
Wu Jian
Xom
Yredelemnul
Zin
The Shining One

Shops:
D:2 *   D:4 *

Annotations:
Lair:3 1 runed translucent door, Totiof's ghost, journeyman HuWn


Innate Abilities, Weirdness & Mutations

You are amphibious.
You cover ground slowly.
You can hop long distances.
You have an extended range of vision and can be seen from far away.


Message History

You slice Rupert!!
You kill Rupert!
Okawaru is honoured by your kill. Okawaru grants you throwing weapons!
Something appears at your feet!
The wall freezes the boulder beetle but does no damage.
The boulder beetle bites you!
You have reached level 13!
Your legs feel stronger.
You chop the boulder beetle into pieces!!!
The boulder beetle is severely wounded.
The wall freezes the boulder beetle!
The boulder beetle waves its antennae.
The boulder beetle bites you!
* * * LOW HITPOINT WARNING * * *
Unknown command.
You slash the boulder beetle!
You kill the boulder beetle!
Okawaru is honoured by your kill.
Unknown command.
You feel a strong urge to attack something.
You are no longer berserk.
You are exhausted.
You feel yourself slow down.
The frozen ramparts melt away.
Casting: Ozocubu's Armour (safe; 1% risk of failure)
Confirm with . or Enter, or press ? or * to list all spells.
Casting: Frozen Ramparts (safe; 1% risk of failure)
Press: ? - help, Dir - look around, f - activate You feel a surge of power!
The walls around you are covered in ice.
The wall freezes the komodo dragon!
The komodo dragon seems to slow down.
The komodo dragon bites you!!
* * * LOW HITPOINT WARNING * * *
Unknown command.
You slice the komodo dragon!!
The komodo dragon is severely wounded.
The wall freezes the komodo dragon!
The komodo dragon seems to slow down.
The komodo dragon bites you!
You die...

###...
#.###...........
#...
###..#......P
#...P
#....P.....###
#.@..
.....P..#..###
#.....
#...#........
......
#........# ..#.
##†.....P#
#.....#.l......#
#..@##....##
#.#####....## #.
##....#### ..
#.##.##.## ..
#..#......## #
...
#.###......###
.. ..
#.#.#..###. .
#.. #....#...#†
...............


You could see a komodo dragon (slow).

Vanquished Creatures
  Rupert (Lair:4)
  A hydra (Lair:3)
  A boulder beetle (Lair:4)
  Maurice (D:7)
  11 elephants
  2 torpor snails
  3 black mambas (Lair:3)
  A molten gargoyle (Lair:3)
  2 rime drakes (Lair:1)
  3 komodo dragons
  5 cane toads
  A queen bee (Lair:1)
  A troll (D:8)
  3 wyverns
  31 yaks
  Eustachio (D:4)
  2 basilisks
  A steam dragon (D:8)
  10 water moccasins
  An ice beast (D:6)
  A sky beast (D:6)
  4 black bears
  2 ogres
  2 centaurs
  11 wolves
  3 kobold brigands
  Blork the orc (D:4)
  7 bullfrogs
  A gnoll sergeant (D:7)
  A scorpion (D:5)
  8 wights (D:7)
  39 killer bees
  2 howler monkeys
  2 electric eels (Lair:3)
  5 jellies
  Crazy Yiuf (D:4)
  3 orc priests
  2 bombardier beetles (D:5)
  4 hounds
  2 sleepcaps
  3 iguanas
  7 orc wizards
  3 hell rats (D:8)
  5 gnolls (D:7)
  5 adders
  5 river rats (D:8)
  A shadow imp (D:6)
  4 ufetubi
  4 dart slugs
  2 ribbon worms
  18 orcs
  6 bats
  9 endoplasms
  4 giant cockroaches
  3 goblins
  9 hobgoblins
  8 quokkas
  3 ball pythons (D:1)
  2 frilled lizards (D:2)
  10 kobolds
  20 rats
314 creatures vanquished.

Vanquished Creatures (others)
  3 kobolds (D:8)
3 creatures vanquished.

Grand Total: 317 creatures vanquished

Notes
Turn   | Place    | Note
-------+----------+-------------------------------------------
     0 | D:1      | BubbleThief the Barachi Ice Elementalist began the quest
                  | for the Orb.
     0 | D:1      | Reached XP level 1. HP: 13/13 MP: 3/3
   220 | D:1      | Reached skill level 5 in Ice Magic
   249 | D:1      | Reached XP level 2. HP: 12/20 MP: 0/5
   426 | D:1      | Reached skill level 1 in Fighting
   725 | D:1      | Reached XP level 3. HP: 26/26 MP: 7/7
  1359 | D:2      | Learned a level 3 spell: Frozen Ramparts
  1363 | D:2      | Learned a level 3 spell: Ozocubu's Armour
  1813 | D:2      | Found Gantal's General Store.
  1818 | D:2      | Bought 2 scrolls of teleportation for 66 gold pieces
  2130 | D:3      | Noticed a centaur
  2143 | D:3      | Killed a centaur
  2144 | D:3      | Reached skill level 2 in Fighting
  2144 | D:3      | Reached XP level 4. HP: 23/34 MP: 3/9
  2144 | D:3      | Reached XP level 5. HP: 27/39 MP: 3/10
  2234 | D:3      | Found a basalt altar of Yredelemnul.
  2234 | D:3      | Found a bloodstained altar of Trog.
  2285 | D:3      | Found a faded altar of an unknown god.
  2663 | D:4      | Reached skill level 3 in Fighting
  2736 | D:4      | Reached XP level 6. HP: 47/47 MP: 7/11
  2739 | D:4      | Found an ornate altar of the Wu Jian Council.
  2749 | D:4      | Identified the +1 sling "Cuass" {speed, Str+3}
  2757 | D:4      | Noticed Eustachio
  2772 | D:4      | Killed Eustachio
  2773 | D:4      | Reached XP level 7. HP: 26/53 MP: 2/13
  2926 | D:4      | Reached skill level 4 in Fighting
  2935 | D:4      | Learned a level 3 spell: Summon Ice Beast
  3043 | D:4      | Found Mail's Assorted Antiques.
  3502 | D:4      | Noticed Blork the orc
  3510 | D:4      | Killed Blork the orc
  3663 | D:4      | Reached skill level 5 in Fighting
  3663 | D:4      | Reached XP level 8. HP: 62/62 MP: 8/15
  3855 | D:4      | Found a runed translucent door.
  3856 | D:4      | Noticed Crazy Yiuf
  4021 | D:4      | Killed Crazy Yiuf
  4022 | D:4      | Reached skill level 5 in Spellcasting
  4098 | D:5      | Entered Level 5 of the Dungeon
  4236 | D:5      | Reached skill level 1 in Long Blades
  4626 | D:5      | Reached skill level 6 in Fighting
  5509 | D:6      | Reached XP level 9. HP: 71/71 MP: 9/16
  5560 | D:6      | Found a staircase to the Ecumenical Temple.
  5571 | Temple   | Entered the Ecumenical Temple
  5602 | Temple   | Became a worshipper of Warmaster Okawaru
  5807 | D:6      | Reached skill level 7 in Fighting
  6083 | D:6      | Reached skill level 5 in Dodging
  6468 | D:7      | Found a stormy altar of Qazlal.
  6474 | D:7      | Reached skill level 5 in Long Blades
  6620 | D:7      | Reached * piety under Okawaru
  6857 | D:7      | Reached skill level 8 in Fighting
  7137 | D:7      | Noticed Maurice
  7144 | D:7      | Killed Maurice
  7145 | D:7      | Reached skill level 9 in Fighting
  7289 | D:7      | Reached XP level 10. HP: 74/83 MP: 13/17
  7799 | D:8      | Found a staircase to the Lair.
  7802 | D:8      | Noticed an elephant
  7810 | D:8      | Reached ** piety under Okawaru
  8011 | D:8      | Killed an elephant
  8012 | D:8      | Reached skill level 10 in Fighting
  8589 | D:8      | Reached *** piety under Okawaru
  8593 | D:8      | Reached skill level 11 in Fighting
  8825 | D:8      | Reached skill level 10 in Long Blades
  9466 | Lair:1   | Entered Level 1 of the Lair of Beasts
  9466 | Lair:1   | Noticed a cane toad
  9478 | Lair:1   | Killed a cane toad
  9589 | Lair:1   | Reached XP level 11. HP: 95/95 MP: 18/18
  9631 | Lair:1   | Reached skill level 12 in Fighting
  9638 | Lair:1   | Reached **** piety under Okawaru
  9995 | Lair:1   | Reached ***** piety under Okawaru
 10047 | Lair:1   | Reached skill level 13 in Fighting
 10163 | Lair:1   | Received a gift from Okawaru
 10852 | Lair:1   | Reached skill level 14 in Fighting
 10982 | Lair:1   | Reached XP level 12. HP: 107/107 MP: 13/19
 11703 | Lair:2   | Received a gift from Okawaru
 11979 | Lair:2   | Found a staircase to the Swamp.
 12262 | Lair:3   | Reached skill level 15 in Fighting
 12268 | Lair:3   | Noticed an eight-headed hydra
 12945 | Lair:3   | Killed an eight-headed hydra
 12945 | Lair:3   | Reached ****** piety under Okawaru
 12945 | Lair:3   | Received a gift from Okawaru
 12946 | Lair:3   | Acquired a +5 triple sword of holy wrath
 12946 | Lair:3   | Received a gift from Okawaru
 12949 | Lair:3   | Acquired the scarf "Siang" {rC+ rF+, Str+3 Int+2}
 12949 | Lair:3   | Received a gift from Okawaru
 13270 | Lair:3   | Found a hole to the Spider Nest.
 13398 | Lair:3   | Found a runed translucent door.
 13400 | Lair:3   | Noticed Totiof's ghost (journeyman HuWn)
 13400 | Lair:3   | Identified the +7 trident "Esoig" {protect, Str+2}
 13439 | Lair:4   | Noticed Rupert
 13581 | Lair:4   | Reached skill level 1 in Evocations
 13588 | Lair:4   | Reached skill level 15 in Long Blades
 13697 | Lair:4   | Reached skill level 16 in Fighting
 13816 | Lair:4   | Noticed a boulder beetle
 13836 | Lair:4   | Killed Rupert
 13836 | Lair:4   | Received a gift from Okawaru
 13837 | Lair:4   | Gained mutation: You can hop long distances. [Barachi
                  | growth]
 13837 | Lair:4   | Reached XP level 13. HP: 54/119 MP: 14/20
 13846 | Lair:4   | Mangled by a komodo dragon

Illustrated notes

Levels and vault maps discovered:
D:1:      ncdulo_watergridlock, layout_basic, fountainhead,
          hangedman_decor_opposing
D:2:      layout_basic, serial_shops, shop_statue, minmay_misc_feat_cross
D:3:      layout_basic, nicolae_overflow_two_pavilions,
          ebering_ecumenical_altar_hall, minmay_misc_feat_four_crosses
D:4:      layout_loops_ring, lemuel_round_altar, serial_shops, shop,
          uniq_crazy_yiuf_cottage, uniq_blork_the_orc, uniq_eustachio
D:5:      layout_gridville
D:6:      layout_loops_ring, minmay_temple_entry_glassed_door, sigmund_army
D:7:      layout_loops_cross, mainiacjoe_overflow_concentric_impassable,
          nicolae_concentric_dashed_squares_wild, uniq_maurice
D:8:      lemuel_ratsnest, layout_basic, david_lair_generic
Temple:   nicolae_temple_bog_church
Lair:1:   layout_roguey [special_room_bee], chequers_serial_rivers_marsh
Lair:2:   layout_cave_pods, swamp_mist
Lair:3:   layout_gridlike, nicolae_spider_entry_orb_guardian,
          ebering_ghost_funeral_grove
Lair:4:   layout_misc_corridors, serial_bayou_pond_a, uniq_rupert

Skill      XL: |  1  2  3  4  5  6  7  8  9 10 11 12 |
---------------+-------------------------------------+-----
Ice Magic      | 5 6 7 8 9 |  9.1
Fighting       | 1 2 3 5 6 9 11 14 16 | 16.5
Spellcasting   | 3 4 5 |  5.0
Long Blades    | 4 7 10 13 15 | 15.6
Dodging        | 4 6 |  6.1
Evocations     | 3 |  3.0
Stealth        | |  1.7

Action                     |  1- 3 |  4- 6 |  7- 9 | 10-12 | 13-15 || total
---------------------------+-------+-------+-------+-------+-------++-------
  Melee: Unarmed           |     6 |       |       |       |       ||     6
         Whip              |    48 |    21 |       |       |       ||    69
         Falchion          |       |       |   128 |     9 |       ||   137
         Scimitar          |       |       |       |   295 |       ||   295
         Triple sword      |       |       |       |    35 |     3 ||    38
   Cast: Freeze            |    39 |       |    11 |     8 |       ||    58
         Frozen Ramparts   |     1 |     4 |    45 |    61 |     1 ||   112
         Ozocubu's Armour  |       |     2 |    34 |    38 |       ||    74
 Invoke: Receive Weapon    |       |       |       |     1 |       ||     1
         Receive Armour    |       |       |       |     1 |       ||     1
Ability: Hop               |     2 |       |       |       |       ||     2
  Evoke: Wand              |       |       |     4 |     3 |       ||     7
    Use: Scroll            |       |       |       |    22 |       ||    22
         Potion            |       |       |       |     2 |       ||     2
   Stab: Sleeping          |     2 |       |     1 |     1 |       ||     4
         Distracted        |       |       |     1 |     1 |       ||     2
 Armour: Robe              |    53 |    13 |   118 |   240 |     3 ||   427
  Dodge: Dodged            |    70 |    20 |   161 |   240 |       ||   491

Table legend: (Time is in decaauts)
 A = Elapsed time spent in this place.
 B = Non-inter-level travel time spent in this place.
 C = Inter-level travel time spent in this place.
 D = Time resting spent in this place.
 E = Time spent auto-exploring this place.
 F = Levels seen in this place.
 G = Mean time per level.
                   A        B        C        D        E       F      G
               +--------+--------+--------+--------+--------+-----+--------+
         Total |  15279 |  14674 |    605 |    202 |  12316 |  13 | 1175.3 |
       Dungeon |  10507 |  10138 |    369 |    192 |   8542 |   8 | 1313.4 |
        Temple |     57 |     38 |     19 |      0 |      0 |   1 |   57.0 |
          Lair |   4714 |   4497 |    217 |     10 |   3774 |   4 | 1178.5 |
               +--------+--------+--------+--------+--------+-----+--------+

Top non-repeatable levels by time:
  Lair:1: 1797 daAuts
     D:8: 1671 daAuts
     D:7: 1610 daAuts
     D:4: 1599 daAuts
     D:5: 1483 daAuts
     D:1: 1481 daAuts
  Lair:2: 1297 daAuts
  Lair:3: 1228 daAuts
     D:6: 1093 daAuts
     D:2: 939 daAuts
     D:3: 629 daAuts
  Lair:4: 389 daAuts
  Temple: 57 daAuts
